 Dungeon Crawl Stone Soup version 0.17-a0-2127-g1cb09f6 (webtiles) character file.

14058 Guts the Fencer (level 12, -3/81 HPs)
             Began as a Human Berserker on Oct 19, 2015.
             Was a High Priest of Trog.
             Slain by a slime creature (8 damage)
             ... on level 12 of the Dungeon on Oct 23, 2015.
             The game lasted 00:45:07 (12396 turns).

Guts the Fencer (Human Berserker)                  Turns: 12396, Time: 00:45:07

Health: -3/81      AC: 18    Str: 23    XL:     12   Next: 40%
Magic:  12/12      EV: 12    Int:  7    God:    Trog [*****.]
Gold:   702        SH:  0    Dex: 16    Spells: 0 memorised, 11 levels left

rFire  + . .     SeeInvis .     L - +3 great sword (freeze)
rCold  + + .     Clarity  .     r - +3 ring mail {rC+}
rNeg   . . .     SustAt   .     (no shield)
rPois  .         Gourm    +     N - +0 helmet
rElec  .         Spirit   .     (no cloak)
rCorr  .         Warding  .     O - +0 pair of gloves {Dex+3}
rMut   .         Stasis   .     (no boots)
MR     .....                    P - amulet of the gourmand
Stlth  +.........               v - ring of Robustness {AC+8}
                                A - ring of protection from fire

@: exhausted, not resistant to hostile enchantments, very unstealthy
A: cold resistance 1
a: Berserk, Trog's Hand, Brothers in Arms, Burn Spellbooks, Renounce Religion


You were on level 12 of the Dungeon.
You worshipped Trog.
Trog was extremely pleased with you.
You were full.

You visited 1 branch of the dungeon, and saw 12 of its levels.
You also visited: Labyrinth.

You collected 702 gold pieces.

Inventory:

Hand Weapons
 I - a +0 long sword
 L - a +3 great sword of freezing (weapon)
Missiles
 J - 11 tomahawks (quivered)
Armour
 r - a +3 ring mail of cold resistance (worn)
 N - a +0 helmet (worn)
 O - a +0 pair of gloves of dexterity (worn)
Jewellery
 s - an uncursed ring of magical power
 v - the ring of Robustness (right hand) {AC+8}
   (You found it on level 4 of the Dungeon)

   [ring of protection]

   It affects your AC (+8).
 A - a ring of protection from fire (left hand)
 M - an uncursed ring of teleportation
 P - an amulet of the gourmand (around neck)
 R - an uncursed ring of protection from cold {unknown}
 U - an uncursed ring of positive energy {unknown}
Wands
 a - a wand of magic darts (26)
 b - a wand of frost (7)
 e - a wand of paralysis (16)
 u - a wand of slowing (19)
 w - a wand of slowing (25)
 F - a wand of enslavement (12)
 K - a wand of enslavement (19)
 S - a wand of confusion (5)
 T - a wand of frost (25)
Scrolls
 d - 2 scrolls of fog
 f - a scroll of remove curse
 j - 6 scrolls of blinking
 m - a scroll of magic mapping
 n - 2 scrolls of identify
 o - a scroll of fear {unknown}
 p - 7 scrolls of teleportation
 q - 3 scrolls of recharging {unknown}
 y - a scroll of torment {unknown}
 D - 4 scrolls of enchant weapon {unknown}
 E - 3 scrolls of amnesia {unknown}
 G - a scroll of enchant armour {unknown}
 Q - a scroll of vulnerability {unknown}
Potions
 g - a potion of might {unknown}
 l - 5 potions of curing
 t - a potion of agility
 x - 2 potions of cure mutation
 z - a potion of heal wounds
 B - 2 potions of brilliance
 C - a potion of haste
 H - a potion of flight
Comestibles
 c - 12 bread rations
 h - 8 slices of pizza
 i - 3 beef jerkies
 k - 2 meat rations


   Skills:
 - Level 3.0 Fighting
 + Level 18.0 Long Blades
 - Level 2.0 Armour
 - Level 2.0 Dodging


You had 11 spell levels left.
You didn't know any spells.

Dungeon Overview and Level Annotations

Branches:
Dungeon (12/15)            Temple (0/1) D:7            Lair (0/8) D:11
    Orc (0/4) D:9

Altars:
Ashenzari
Elyvilon
Fedhas
Gozag
Kikubaaqudgha
Nemelex Xobeh
Qazlal
Ru
Trog
Vehumet
Yredelemnul
Zin
The Shining One

Shops:
D:9 [


Innate Abilities, Weirdness & Mutations

Your flesh is cold resistant.


Message History

The slime creature hits you.
The slime creature hits you but does no damage.
You barely miss the slime creature.
The slime creature is heavily wounded.
You completely miss the slime creature.
The slime creature is heavily wounded.
The slime creature hits you!
The slime creature completely misses you.
Two slime creatures merge to form a large slime creature.
You slice the large slime creature!! You freeze the large slime creature.
The large slime creature is heavily wounded.
The slime creature hits you!
You slice the large slime creature!! You freeze the large slime creature.
The large slime creature is severely wounded.
You slice the large slime creature!! You freeze the large slime creature.
The large slime creature is almost dead.
The large slime creature hits you!!
* * * LOW HITPOINT WARNING * * *
The slime creature hits you!
You die...

*,****,,,,,,,* #......# *,,,,
*,,,,,..#.##.# ##...### *,**,
*****##.#.##.# #...# *,**,
*****#.......# #...# *,**,
,,,,*#..#.#..# #...# *,**,
,..,*#.......######...####***,**,
,...##....#................,,,**,
,....J.........J...........,,,,,,
,,,,#.........(J@..........,,*,,,
,,,,#..#.########.......###***,,,
,,,,#....# #.#...#.# *,,,
****##.### #.#...#.# *,,*
*****#.* #(#...#,# *,,, ,,,,,#,*
#(#...#.# **,, ,,,,,*,* #.(.....#
*** ∩,,,,+,* ###...###
,,,,,*********** #.###


You could see a large slime creature and a slime creature.

Vanquished Creatures
  A minotaur (Lab)
  An unseen horror (D:12)
  An obsidian statue (D:9)
  3 cyclopes
  A manticore (D:11)
  4 ugly things
  A centaur zombie (D:8)
  Joseph (D:7)
  A gargoyle (D:12)
  A centaur skeleton (D:11)
  A komodo dragon (D:11)
  3 trolls
  A two-headed ogre (D:9)
  A slime creature (D:12)
  A human (D:10)
  3 yaks (D:11)
  A hog (D:10)
  The ghost of kosy22 the Skirmisher, an amateur HOFi of Beogh (D:4)
  Eustachio (D:5)
  A hungry ghost (D:9)
  3 sky beasts
  A water moccasin (D:11)
  A black bear (D:11)
  2 ice beasts
  3 ogres
  4 orc warriors
  2 phantoms
  2 necrophages (D:9)
  7 centaurs
  5 giant frogs
  A big kobold (D:10)
  3 gnoll sergeants
  3 scorpions
  10 wights
  9 hounds
  6 killer bees
  A giant frog zombie (D:12)
  4 crimson imps
  2 jellies
  2 quasits (D:11)
  8 orc priests
  2 giant frog skeletons
  17 orc wizards
  5 iguanas
  5 worker ants
  3 sheep (D:10)
  2 hound zombies
  3 worker ant zombies
  6 adders
  20 gnolls
  3 shadow imps
  3 oozes
  An adder skeleton (D:8)
  An adder zombie (D:5)
  3 worms
  4 giant geckos
  44 orcs
  A ball python (D:5)
  5 bats
  4 hobgoblins
  16 kobolds
  5 quokkas
  2 giant cockroaches
  2 giant newts
  8 goblins
  13 jackals
  A quokka skeleton (D:5)
  4 rats
291 creatures vanquished.

Vanquished Creatures (collateral kills)
  A hippogriff (D:11)
1 creature vanquished.

Vanquished Creatures (others)
  2 plants (D:11)
2 creatures vanquished.

Grand Total: 294 creatures vanquished

Notes
Turn   | Place    | Note
--------------------------------------------------------------
     0 | D:1      | Guts the Human Berserker began the quest for the Orb.
     0 | D:1      | Reached XP level 1. HP: 18/18 MP: 1/1
    74 | D:1      | Upgraded the game from 0.17-a0-2109-g117576f to 0.17-a0-2127-g1cb09f6
   311 | D:1      | Reached XP level 2. HP: 16/24 MP: 2/2
   547 | D:1      | Reached skill level 4 in Long Blades
   547 | D:1      | Reached XP level 3. HP: 22/29 MP: 3/3
  1036 | D:2      | Found a faded altar to an unknown god.
  1413 | D:2      | Reached ** piety under Trog
  1568 | D:2      | Found a sacrificial altar of Ru.
  2021 | D:3      | Reached XP level 4. HP: 35/35 MP: 4/4
  2057 | D:3      | Found a blossoming altar of Fedhas.
  2061 | D:3      | Found a stormy altar of Qazlal.
  2232 | D:3      | Noticed a centaur
  2255 | D:3      | Reached skill level 5 in Long Blades
  2299 | D:3      | Found a white marble altar of Elyvilon.
  2299 | D:3      | Found a glowing golden altar of the Shining One.
  2300 | D:3      | Found a glowing silver altar of Zin.
  2332 | D:3      | Killed a centaur
  2332 | D:3      | Reached XP level 5. HP: 36/41 MP: 5/5
  2495 | D:3      | Found an opulent altar of Gozag.
  2501 | D:3      | Reached skill level 6 in Long Blades
  2503 | D:3      | Found a radiant altar of Vehumet.
  2634 | D:3      | Found a shattered altar of Ashenzari.
  2649 | D:3      | Saw a vision of the Shoals and the Spider Nest.
  2649 | D:3      | Noticed a scorpion
  2649 | D:3      | Noticed a merfolk
  2649 | D:3      | Noticed a sea snake
  2649 | D:3      | Noticed a sea snake
  2649 | D:3      | Noticed a siren
  2649 | D:3      | Noticed a spider
  2649 | D:3      | Noticed a wasp
  2649 | D:3      | Noticed a siren
  2649 | D:3      | Noticed a merfolk
  2649 | D:3      | Noticed a scorpion
  2649 | D:3      | Noticed a siren
  2650 | D:3      | Noticed a spider
  2650 | D:3      | Noticed a scorpion
  2650 | D:3      | Noticed a siren
  2651 | D:3      | Noticed a spider
  2652 | D:3      | Noticed a spider
  3017 | D:4      | Noticed an ogre
  3026 | D:4      | Killed an ogre
  3026 | D:4      | Reached XP level 6. HP: 42/47 MP: 6/6
  3243 | D:4      | Reached *** piety under Trog
  3243 | D:4      | Reached skill level 7 in Long Blades
  3268 | D:4      | Reached XP level 7. HP: 38/52 MP: 7/7
  3525 | D:4      | Noticed kosy22's ghost (amateur HOFi)
  3548 | D:4      | Killed kosy22's ghost
  3548 | D:4      | Reached skill level 8 in Long Blades
  3604 | D:4      | Got a faintly glowing ring mail
  3632 | D:4      | Identified the +3 ring mail "Sulopi" {Dex+3} (You found it on level 4 of the Dungeon)
  4010 | D:5      | Entered Level 5 of the Dungeon
  4045 | D:5      | Noticed Eustachio
  4211 | D:5      | Reached XP level 8. HP: 53/58 MP: 8/8
  4311 | D:5      | Killed Eustachio
  4311 | D:5      | Reached skill level 9 in Long Blades
  4415 | D:5      | Found a basalt altar of Yredelemnul.
  4985 | D:6      | Found a bloodstained altar of Trog.
  5100 | D:6      | Found a sparkling altar of Nemelex Xobeh.
  5162 | D:6      | Reached skill level 10 in Long Blades
  5263 | D:6      | Reached **** piety under Trog
  5531 | D:6      | Reached XP level 9. HP: 36/63 MP: 9/9
  5732 | D:6      | Reached skill level 11 in Long Blades
  5778 | D:7      | Found a staircase to the Ecumenical Temple.
  5830 | D:7      | Found an ancient bone altar of Kikubaaqudgha.
  5997 | D:7      | Noticed Joseph
  6024 | D:7      | Killed Joseph
  6288 | D:7      | Reached skill level 12 in Long Blades
  6825 | D:8      | Noticed a centaur zombie
  6850 | D:8      | Killed a centaur zombie
  6875 | D:8      | Reached XP level 10. HP: 70/70 MP: 10/10
  6886 | D:8      | Reached skill level 13 in Long Blades
  8117 | D:9      | Noticed an obsidian statue
  8408 | D:9      | Found Mivip's Armour Shop.
  8575 | D:9      | Reached skill level 14 in Long Blades
  8689 | D:10     | Entered Level 10 of the Dungeon
  8985 | D:10     | Reached ***** piety under Trog
  9144 | D:10     | You fall through a shaft!
  9144 | D:11     | Noticed a brown ugly thing
  9156 | D:11     | Killed a brown ugly thing
  9286 | D:11     | Noticed a cyclops
  9312 | D:11     | Killed a cyclops
  9348 | D:11     | Noticed a cyclops
  9357 | D:11     | Killed a cyclops
  9357 | D:11     | Reached skill level 15 in Long Blades
  9357 | D:11     | Reached XP level 11. HP: 62/75 MP: 11/11
  9427 | D:11     | Found a labyrinth entrance.
  9435 | D:11     | Received a gift from Trog
  9442 | Lab      | Entered a labyrinth
  9853 | Lab      | Noticed a minotaur
  9868 | Lab      | Killed a minotaur
 10152 | D:11     | Noticed a manticore
 10162 | D:11     | Killed a manticore
 10162 | D:11     | Reached skill level 16 in Long Blades
 10436 | D:11     | Gained mutation: Your flesh is cold resistant. [potion of beneficial mutation]
 10502 | D:11     | Noticed a brown ugly thing
 10508 | D:11     | Killed a brown ugly thing
 10785 | D:11     | Found a staircase to the Lair.
 10869 | D:11     | Noticed a white ugly thing
 10882 | D:11     | Killed a white ugly thing
 11377 | D:10     | Reached skill level 17 in Long Blades
 11483 | D:9      | Reached XP level 12. HP: 75/81 MP: 12/12
 11609 | D:9      | Found a staircase to the Orcish Mines.
 12014 | D:9      | Killed an obsidian statue
 12384 | D:12     | Reached skill level 18 in Long Blades
 12396 | D:12     | Slain by a slime creature

Vault maps used:
D:1:      noname_arrival_rooms_in_the_neighbourhood, minmay_ruptured
D:2:      wad_pebble_path, nicolae_ru_awakened_eye, serial_corexii_hall,
          corexii_hall_statues_s, corexii_hall_statues_u,
          corexii_hall_statues_x, corexii_hall_statues_i,
          corexii_hall_statues_deadend, corexii_hall_statues_i,
          ecumenical_altar_1
D:3:      good_gods_mini_temple, grunt_temple_overflow_forces_of_nature,
          minitemple, first_bread, grunt_ashenzari_visionary
D:5:      kennysheep_little_box, uniq_eustachio
D:6:      nemelex_deck, hangedman_decor_peaks_small, trog_three_pillars_becter
D:7:      lemuel_coloured_pillars_altar, minmay_temple_entry_statues_fountains,
          uniq_joseph
D:9:      orc_david_3, minivault_16
D:10:     grunt_livestock
D:11:     david_lair_shrubbed, lab_entry_generic
D:12:     portal_ice_cave_entry_ice_statue_01
Lab:      nicolae_lab_dead_adventurers, labyrinth_fake_exit

Action                   |  1- 3 |  4- 6 |  7- 9 | 10-12 || total
-------------------------+-------+-------+-------+-------++-------
Melee: Falchion          |   128 |    87 |   398 |       ||   613
       Long sword        |       |       |   108 |   103 ||   211
       Great sword       |       |       |       |   449 ||   449
Throw: Tomahawk          |       |       |       |     5 ||     5
Invok: Berserk           |       |     4 |     6 |    12 ||    22
       Trog's Hand       |       |     1 |     4 |     5 ||    10
       Burn Spellbooks   |       |       |     2 |     1 ||     3
Evoke: Wand              |       |     4 |     2 |     1 ||     7
  Use: Scroll            |       |       |       |    18 ||    18
       Potion            |       |       |       |     4 ||     4
 Stab: Sleeping          |     2 |       |       |       ||     2
  Eat: Chunk             |     4 |     7 |    13 |    38 ||    62
       Fruit             |       |       |     7 |     4 ||    11
       Pizza             |       |       |       |     2 ||     2
       Beef jerky        |       |       |       |     1 ||     1
